 Dungeon Crawl Stone Soup version 0.25.1-2-g60ff931df9 (webtiles) character file.

Game seed: 4820594213465394291

102 funkygono the Cudgeler (level 4, 0/27 HPs)
             Began as a Gargoyle Gladiator on Sept 1, 2020.
             Slain by an orc warrior
             ... wielding a +0 short sword
              (11 damage)
             ... on level 3 of the Dungeon.
             The game lasted 00:03:37 (1638 turns).

funkygono the Cudgeler (Gargoyle Gladiator)         Turns: 1638, Time: 00:03:38

Health: 0/27       AC:  7    Str: 18    XL:     4   Next: 77%
Magic:  4/4        EV: 12    Int: 15    God:
Gold:   121        SH:  0    Dex: 11    Spells: 3/3 levels left

rFire    . . .     SeeInvis .   a - +1 flail
rCold    . . .     Gourm    .   (no shield)
rNeg     + . .     Faith    .   b - +0 leather armour
rPois    ∞         Spirit   .   c - +0 helmet
rElec    +         Reflect  .   (no cloak)
rCorr    .         Harm     .   (no gloves)
MR       .....                  (no boots)
Stlth    +.........             (no amulet)
HPRegen  0.09/turn              o - +6 ring of intelligence
MPRegen  0.09/turn              (no ring)

@: no status effects
A: negative energy resistance 1, electricity resistance, unbreathing,
petrification resistance, rot immunity, AC +3
a: no special abilities


You were on level 3 of the Dungeon.
You were hungry.

You visited 1 branch of the dungeon, and saw 3 of its levels.

You collected 121 gold pieces.

Inventory:

Hand Weapons
 a - a +1 flail (weapon)
Missiles
 d - 3 throwing nets (quivered)
 l - 36 arrows
Armour
 b - a +0 leather armour (worn)
 c - a +0 helmet (worn)
Jewellery
 o - a +6 ring of intelligence (left hand)
Scrolls
 p - 2 scrolls of remove curse
Potions
 e - a potion of brilliance
 g - a potion of cancellation
 h - a potion of berserk rage {unknown}
 i - a potion of ambrosia {unknown}
 j - a potion of heal wounds {unknown}
 q - a potion of magic {unknown}
Comestibles
 f - 6 rations
 k - a chunk of flesh


   Skills:
 + Level 2.7 Fighting
 + Level 4.4 Maces & Flails
 - Level 1.7 Throwing
 + Level 1.4 Armour
 + Level 2.9 Dodging


You had 3 spell levels left.
You didn't know any spells.
Your spell library was empty.

Dungeon Overview and Level Annotations

Branches:
Dungeon (3/15)

Altars:
Trog


Innate Abilities, Weirdness & Mutations

You are resistant to torment.
Your stone body is resilient. (AC +3)
You are immune to poison.
You resist negative energy. (rN+)
You are resistant to electric shocks. (rElec)
You can survive without breathing.
You are immune to petrification.
You are immune to rotting.


Message History

You see here 2 stones.
Things that are here:
a +0 dagger; a stone; a frilled lizard corpse You see here 2 stones.
Found a stone staircase leading down.
The orc warrior barely misses you.
You see here 2 stones.
You closely miss the orc warrior.
The orc warrior hits you with a +0 short sword!
You barely miss the orc warrior.
The orc warrior hits you with a +0 short sword!
The orc warrior hits you with a +0 short sword.
You closely miss the orc warrior. The orc warrior barely misses you.
You hit the orc warrior.
The orc warrior is lightly wounded.
The orc warrior hits you but does no damage.
You closely miss the orc warrior.
The orc warrior is lightly wounded.
The orc warrior hits you with a +0 short sword!
You die...

#...# ..>...
..... .....
#####..### ....
#........# ....
##........##....
...........#...
##..........#
.......<..#.#
##........#@#
#......†.#o##
#####....[oZ#
###.....#
#.....# #.....#
.......#
###.?...#
...?..#


You could see an orc warrior, an orc and an adder zombie.

Vanquished Creatures
  Jessica (D:3)
  An adder (D:2)
  An ooze (D:2)
  2 worms (D:2)
  4 dart slugs
  A leopard gecko (D:2)
  An orc (D:3)
  4 bats
  A giant cockroach (D:1)
  6 hobgoblins
  3 kobolds
  3 quokkas (D:2)
  5 frilled lizards
  7 goblins
  9 rats
49 creatures vanquished.

Notes
Turn   | Place    | Note
-------+----------+-------------------------------------------
     0 | D:1      | funkygono the Gargoyle Gladiator began the quest for the
                  | Orb.
     0 | D:1      | Reached XP level 1. HP: 12/12 MP: 1/1
   160 | D:1      | Reached XP level 2. HP: 8/17 MP: 2/2
   616 | D:1      | Reached XP level 3. HP: 19/22 MP: 3/3
   973 | D:2      | Reached skill level 4 in Maces & Flails
  1098 | D:2      | Reached skill level 1 in Armour
  1332 | D:2      | Reached XP level 4. HP: 27/27 MP: 4/4
  1406 | D:2      | Noticed a moth of wrath
  1409 | D:2      | Found a bloodstained altar of Trog.
  1604 | D:3      | Noticed Jessica
  1611 | D:3      | Killed Jessica
  1626 | D:3      | Noticed an orc warrior
  1638 | D:3      | Slain by an orc warrior

Illustrated notes

Levels and vault maps discovered:
D:1:      lemuel_arrival_river_ford, layout_basic
D:2:      layout_rooms, tgw_trog, first_ration
D:3:      layout_rooms, lemuel_doored_altar, chequers_big_river, uniq_jessica,
          uniq_crazy_yiuf_cottage, uniq_natasha

Skill      XL: |  1  2  3 |
---------------+----------+-----
Maces & Flails | 4 |  4.4
Armour         | 1 |  1.4
Fighting       | |  2.7
Throwing       | |  1.7
Dodging        | |  2.9

Action                   |  1- 3 |  4- 6 || total
-------------------------+-------+-------++-------
Melee: Flail             |   132 |    37 ||   169
  Use: Scroll            |     3 |     2 ||     5
  Eat: Chunk             |     2 |       ||     2
Armor: Leather armour    |    58 |    14 ||    72
Dodge: Dodged            |   103 |    19 ||   122
